 Dungeon Crawl Stone Soup version 0.31-a0-1169-gd935f9fcdc (webtiles) character file.

Game seed: 16287842799000486690

24808 James the Metamorph (level 13, -17/106 HPs)
             Began as a Merfolk Shapeshifter on Dec 10, 2023.
             Was an Elder of Uskayaw.
             Demolished by a death yak (22 damage)
             ... on level 1 of the Lair of Beasts.
             The game lasted 01:04:14 (15253 turns).

James the Metamorph (Merfolk Shapeshifter)         Turns: 15253, Time: 01:04:15

Health: -17/106    AC: 12    Str: 28    XL:     13   Next: 15%
Magic:  0/16       EV: 16    Int: 11    God:    Uskayaw [****..]
Gold:   591        SH:  0    Dex: 13    Spells: 12/12 levels left

rFire   . . .        b - melded +1 sling (drain)
rCold   + . .        (shield currently unavailable)
rNeg    . . .        y - +0 scale mail {rC+}
rPois   .            x - +0 helmet
rElec   .            L - +1 cloak
rCorr   .            G - melded +0 pair of gloves
SInv    .            J - +0 pair of boots
Will    .....        e - amulet of guardian spirit Stlth
                     M - ring of Xom's Sleight of Hands {AC+4 Str+4}
HPRegen 0.37/turn    Y - +6 ring of strength
MPRegen 0.15/turn

%: guardian spirit
@: lethally poisoned (-17 -> -20), blade hands, studying Earth Magic
A: (nimble swimmer 2), mertail
a: Begin Untransformation, Renounce Religion, Stomp, Line Pass


You were on level 1 of the Lair of Beasts.
You worshipped Uskayaw.
Uskayaw was noncommittal.
You had blades for hands.
You visited 2 branches of the dungeon, and saw 12 of its levels.
You also visited: Ice Cave.

You collected 929 gold pieces.
You spent 338 gold pieces at shops.

Inventory:

Hand Weapons
 b - a +1 sling of draining (melded)
   (You found it on level 1 of the Dungeon)
 r - a +1 dagger of electrocution
   (You found it on level 2 of the Dungeon)
 O - a +2 trident of freezing
   (You found it on level 9 of the Dungeon)
 P - a +1 spear of venom
   (You took it off a gnoll on level 7 of the Dungeon)
 S - the +4 rapier of Disharmony {spect, +Blink rC+ Dex+7}
   (You found it on level 9 of the Dungeon)

   Dex+7:     It affects your dexterity (+7).
   rC+:       It protects you from cold.
   +Blink:    It lets you blink.
Missiles
 j - 13 boomerangs
 A - 17 poisoned darts (quivered)
 F - 4 throwing nets {!f}
 R - 3 javelins
Armour
 o - +0 ice dragon scales
   (You found it in an ice cave)
 w - a +0 kite shield
   (You found it on level 2 of the Dungeon)
 x - a +0 helmet (worn)
   (You found it on level 2 of the Dungeon)
 y - a +0 scale mail of cold resistance (worn)
   (You found it in an ice cave)
 G - a +0 pair of gloves (melded)
   (You found it on level 8 of the Dungeon)
 J - a +0 pair of boots (worn)
   (You found it on level 6 of the Dungeon)
 L - a +1 cloak (worn)
   (You found it on level 4 of the Dungeon)
 T - a +0 hat
   (You found it on level 5 of the Dungeon)
 U - a +0 chain mail
   (You took it off an orc on level 5 of the Dungeon)
 X - a +0 buckler
   (You took it off a gnoll sergeant on level 7 of the Dungeon)
 Z - a +0 ring mail
   (You took it off an orc on level 6 of the Dungeon)
Magical Staves
 C - a staff of fire
   (You found it on level 4 of the Dungeon)
Jewellery
 e - an amulet of guardian spirit (around neck)
   (You found it on level 1 of the Dungeon)
 i - a ring of protection from fire
   (You found it on level 4 of the Dungeon)
 K - the ring "Gixodgh" {rPois MP+9 Str-5 Dex+5}
   (You found it in an ice cave)

   [ring of magical power]

   Str-5:     It affects your strength (-5).
   Dex+5:     It affects your dexterity (+5).
   rPois:     It protects you from poison MP+9: It affects your magic capacity
   (+9).
 M - the ring of Xom's Sleight of Hands (left blade hand) {AC+4 Str+4}
   (You found it on level 9 of the Dungeon)

   [ring of protection]

   AC+4:      It affects your AC (+4).
   Str+4:     It affects your strength (+4).
 Q - the ring of Xucwec {Ice Str+2}
   (You found it in an ice cave)

   [ring of ice]

   Ice:       It enhances your ice magic.
   Str+2:     It affects your strength (+2).
   rF-:       It makes you vulnerable to fire.
   rC+:       It protects you from cold.
 Y - a +6 ring of strength (right blade hand)
   (You found it on level 5 of the Dungeon)
Talismans
 c - a beast talisman
 d - a flux talisman
 E - a blade talisman (active)
   (You found it on level 10 of the Dungeon)
Wands
 t - a wand of flame (78)
   (You found it on level 4 of the Dungeon)
 u - a wand of paralysis (24)
   (You found it on level 5 of the Dungeon)
Scrolls
 g - a scroll of fear
 n - 3 scrolls of summoning
 v - 5 scrolls of teleportation {@r4}
 D - 2 scrolls of immolation {!r}
 H - a scroll of brand weapon
Potions
 a - a potion of berserk rage
 f - a potion of magic
 h - a potion of invisibility
 k - a potion of attraction {unknown}
 m - 2 potions of heal wounds {@q2}
 p - 3 potions of enlightenment
 q - 2 potions of haste {@q3}
 s - 3 potions of might
 z - 7 potions of curing {@q1}
 B - a potion of ambrosia {unknown}
 I - 2 potions of lignification {!q}
 N - a potion of resistance
 V - a potion of mutation {unknown}
 W - 3 potions of brilliance
Miscellaneous
 l - a tin of tremorstones (2/2)
   (You found it on level 9 of the Dungeon)


   Skills:
 - Level 11.0 Fighting
 - Level 14.0 Dodging
 - Level 10.0 Unarmed Combat
 - Level 5.0 Invocations
 * Level 17.0 Shapeshifting


You had 12 spell levels left.
You didn't know any spells.
Your spell library contained the following spells:

 Spells                   Type           Power      Damage    Failure   Level
 Apportation              Tloc           0%         N/A       63%         1
 Magic Dart               Conj           0%         1d3       63%         1
 Necrotise                Necr           0%         1d4       63%         1
 Summon Small Mammal      Summ           0%         N/A       63%         1
 Jinxbite                 Hex            0%         N/A       77%         2
 Searing Ray              Conj           0%         2d4       77%         2
 Call Canine Familiar     Summ           0%         N/A       94%         3
 Gell's Gravitas          Tloc           0%         N/A       94%         3
 Ozocubu's Armour         Ice            0%         N/A       94%         3
 Sigil of Binding         Hex            0%         N/A       94%         3
 Stone Arrow              Conj/Erth      0%         3d7       94%         3
 Summon Guardian Golem    Hex/Summ       0%         N/A       94%         3
 Teleport Other           Tloc           0%         N/A       94%         3
 Animate Armour           Summ/Erth      0%         N/A       100%        4
 Dimensional Bullseye     Hex/Tloc       0%         N/A       100%        4
 Fulminant Prism          Conj/Hex       0%         3d5       100%        4
 Leda's Liquefaction      Hex/Erth       0%         N/A       100%        4
 Alistair's Intoxication  Tmut/Pois      0%         N/A       100%        5
 Metabolic Englaciation   Hex/Ice        0%         N/A       100%        5
 Dispersal                Tloc           0%         N/A       100%        6
 Simulacrum               Ice/Necr       0%         N/A       100%        6
 Lehudib's Crystal Spear  Conj/Erth      0%         10d2      100%        8


Dungeon Overview and Level Annotations

Branches:
Dungeon (11/15)            Temple (0/1) D:7            Lair (1/5) D:10
    Orc (0/2) D:11          IceCv (visited)

Altars:
Ashenzari
Dithmenos
Elyvilon
Hepliaklqana
Kikubaaqudgha
Makhleb
Ru
Trog
Uskayaw
Vehumet
Xom
Yredelemnul
The Shining One

Shops:
D:7 !(


Innate Abilities, Weirdness & Mutations

You have blades for hands.
You are incapable of wielding weapons or throwing items.
((You are very nimble when in or above water. (Stealth+, EV+, Speed+++)))
Your lower body shifts to a powerful aquatic tail in water.


Message History

You are poisoned.
The black mamba poisons you!
You feel very sick.
The black mamba attacks as it pursues you!
The black mamba bites you. x2
You feel sick.
You miss the black mamba.
You feel sick.
The black mamba bites you but does no damage.
The black mamba bites you!
You closely miss the black mamba.
You feel sick. The black mamba bites you!
You are more poisoned.
The black mamba poisons you!
You can no longer pass through a line of other dancers.
You slice the black mamba!!
You feel very sick. The black mamba misses you.
The black mamba closely misses you.
You can now pass through a line of other dancers.
You hit the black mamba.
You feel very sick. The black mamba closely misses you.
You slash the black mamba!
You kill the black mamba!
You feel very sick.
Uskayaw will force your foes to helplessly watch your dance.
Uskayaw prepares the audience for your solo!
The helpless death yak fails to defend itself.
You shred the death yak!!!
You feel sick.
The death yak is no longer paralysed. x3
The death yak gores you.
* * * LOW HITPOINT WARNING * * *
The death yak barely misses you.
You slash the death yak!
You feel sick.
The death yak gores you but does no damage.
The death yak gores you!!
* * * LOW HITPOINT WARNING * * *
You barely miss the death yak.
You feel sick.
You barely miss the death yak.
You feel sick. The death yak closely misses you.
The death yak gores you but does no damage.
You shred the death yak!!!
You kill the death yak!
You feel sick. The death yak gores you. x2
* * * LOW HITPOINT WARNING * * *
Uskayaw will force your foes to share their pain.
Uskayaw links your audience in an emotional bond!
Your Shapeshifting skill increases to level 17!
You completely miss the death yak.
You feel sick. The death yak gores you.
* * * LOW HITPOINT WARNING * * *
The death yak gores you!
* * * LOW HITPOINT WARNING * * *
The death yak gores you!!
You die...

#...##.....P#
##..####†....#.
###...#............
##.#..#.............
#....#.>....P##....#
##.......##### #...#
###.....### #...
####....Y..# #..
.......†Y@P#
........Y###
..#.(....##
##........#
#.........#
..........YY#
...........Y.#
.......###....#
.....[. ##.Y.


You could see 3 death yaks.

Vanquished Creatures
  2 azure jellies (IceCv)
  A death yak (Lair:1)
  3 two-headed ogres
  An obsidian statue (D:9)
  An ugly thing (D:11)
  The ghost of topfpfpflanze the Thaumaturge, a novice FeCj of Vehumet (D:10)
  A cyclops (D:10)
  An elephant (D:10)
  Maurice (D:10)
  2 ice statues (IceCv)
  2 black mambas (Lair:1)
  A cane toad (Lair:1)
  2 unseen horrors (D:11)
  2 kobold demonologists
  2 ice devils (D:11)
  The ghost of James the Insei, a novice OpSh (D:4)
  A polar bear (Lair:1)
  3 trolls
  13 slime creatures (IceCv)
  2 shadows
  A wyvern (D:8)
  2 wraiths (D:10)
  21 yaks
  A basilisk (D:10)
  The ghost of Azuvok the Chopper, an amateur MiGl (D:4)
  A steam dragon (D:7)
  The ghost of Kairakan the Shooter, an amateur FoHu (D:4)
  3 vampire mosquitoes (D:9)
  Menkaure (D:6)
  2 acid dragons
  Edmund (D:5)
  Duvessa (D:6)
  3 orc warriors
  2 ice beasts
  A sky beast (D:6)
  3 black bears
  2 ogres
  10 centaurs
  6 slime creature simulacra (IceCv)
  2 kobold brigands
  2 phantoms
  2 gnoll sergeants
  4 bullfrogs
  Blork the orc (D:6)
  4 scorpions
  5 glowing shapeshifter simulacra (IceCv)
  Dowan (D:6)
  3 wights (D:7)
  The ghost of jotaen the Trooper, a weakling MiFi (D:4)
  7 killer bees
  9 howler monkeys
  2 crimson imps (D:3)
  6 hounds
  7 orc priests
  A jelly (D:7)
  2 sleepcaps
  6 iguanas
  14 orc wizards
  2 shapeshifter simulacra (IceCv)
  12 gnolls
  5 adders
  A white imp (D:5)
  2 ufetubi (D:6)
  3 worms
  9 dart slugs
  46 orcs
  6 ball pythons
  7 bats
  8 endoplasms
  5 giant cockroaches
  8 hobgoblins
  3 jackals (D:4)
  11 kobolds
  10 quokkas
  3 frilled lizards
  8 goblins
  10 rats
344 creatures vanquished.

Notes
Turn   | Place    | Note
-------+----------+-------------------------------------------
     0 | D:1      | James the Merfolk Shapeshifter began the quest for the Orb.
     0 | D:1      | Reached XP level 1. HP: 15/15 MP: 1/1
    84 | D:1      | Reached XP level 2. HP: 17/21 MP: 0/2
   290 | D:1      | Reached XP level 3. HP: 27/27 MP: 3/3
   492 | D:1      | Found a faded altar of an unknown god.
   860 | D:2      | Reached XP level 4. HP: 31/33 MP: 4/4
   866 | D:2      | Reached skill level 5 in Unarmed Combat
  1736 | D:3      | Reached skill level 5 in Shapeshifting
  1736 | D:3      | Reached XP level 5. HP: 35/38 MP: 5/5
  2098 | D:3      | Found a shimmering altar of Xom.
  2165 | D:3      | Reached skill level 6 in Shapeshifting
  2497 | D:4      | Found a hide-covered altar of Uskayaw.
  2505 | D:4      | Became a worshipper of Uskayaw the Reveller
  2562 | D:4      | Reached * piety under Uskayaw
  2564 | D:4      | Reached ** piety under Uskayaw
  2566 | D:4      | Reached XP level 6. HP: 44/44 MP: 6/6
  2703 | D:4      | Found a hazy altar of Hepliaklqana.
  2843 | D:4      | Found a runed translucent gate.
  2844 | D:4      | Found a runed translucent gate.
  2845 | D:4      | Found a runed translucent gate.
  2848 | D:4      | Noticed Kairakan's ghost (amateur FoHu)
  2848 | D:4      | Noticed James's ghost (novice OpSh)
  2850 | D:4      | Noticed jotaen's ghost (weakling MiFi)
  2850 | D:4      | Noticed Azuvok's ghost (amateur MiGl)
  2862 | D:4      | Reached skill level 7 in Shapeshifting
  3259 | D:5      | Entered Level 5 of the Dungeon
  3266 | D:5      | Reached *** piety under Uskayaw
  3311 | D:5      | Reached XP level 7. HP: 52/52 MP: 7/7
  3410 | D:5      | Reached skill level 5 in Dodging
  3448 | D:5      | Reached **** piety under Uskayaw
  3486 | D:5      | Reached XP level 8. HP: 42/58 MP: 8/8
  3677 | D:5      | Reached skill level 10 in Shapeshifting
  3677 | D:5      | Reached XP level 9. HP: 9/73 MP: 1/9
  4165 | D:5      | Reached skill level 10 in Dodging
  4235 | D:5      | Found a glowing golden altar of the Shining One.
  4386 | D:5      | Noticed Edmund
  4409 | D:5      | Killed Edmund
  4410 | D:5      | Reached skill level 10 in Unarmed Combat
  4700 | D:6      | Noticed Dowan
  4763 | D:6      | Killed Dowan
  4853 | D:6      | Noticed Blork the orc
  4862 | D:6      | Killed Blork the orc
  5185 | D:6      | Noticed Menkaure
  5186 | D:6      | Reached skill level 11 in Shapeshifting
  5207 | D:6      | Killed Menkaure
  5473 | D:6      | Noticed Duvessa
  5477 | D:6      | Killed Duvessa
  5797 | D:7      | Noticed a kobold demonologist
  5803 | D:7      | Killed a kobold demonologist
  5857 | D:7      | Reached XP level 10. HP: 82/82 MP: 10/10
  6052 | D:7      | Found a basalt altar of Yredelemnul.
  6072 | D:7      | Found Abicw's Weapon Emporium.
  6154 | D:7      | Found a radiant altar of Vehumet.
  6160 | D:7      | Reached skill level 1 in Invocations
  6191 | D:7      | Found a staircase to the Ecumenical Temple.
  6517 | D:7      | Found Ziuv's Distillery.
  7489 | D:8      | Found a burning altar of Makhleb.
  7902 | D:8      | Found a bloodstained altar of Trog.
  8201 | D:9      | Noticed a kobold demonologist
  8202 | D:9      | Found a white marble altar of Elyvilon.
  8207 | D:9      | Noticed a rust devil
  8209 | D:9      | Noticed a rust devil
  8211 | D:9      | Killed a kobold demonologist
  8234 | D:9      | Noticed an obsidian statue
  8264 | D:9      | Reached ***** piety under Uskayaw
  8827 | D:9      | Found a shadowy altar of Dithmenos.
  8851 | D:9      | Reached XP level 11. HP: 81/89 MP: 11/13
  8881 | D:9      | Noticed a two-headed ogre
  8895 | D:9      | Killed a two-headed ogre
  8896 | D:9      | Reached skill level 12 in Shapeshifting
  8913 | D:9      | Noticed a two-headed ogre
  8924 | D:10     | Entered Level 10 of the Dungeon
  9084 | D:10     | Noticed Maurice
  9089 | D:10     | Maurice stole 3 javelins
  9095 | D:10     | Killed Maurice
  9284 | D:9      | Killed a two-headed ogre
  9553 | D:10     | Found an ancient bone altar of Kikubaaqudgha.
  9773 | D:7      | Bought a potion of magic for 104 gold pieces
  9928 | D:10     | Found a runed translucent door.
  9942 | D:10     | Reached skill level 10 in Fighting
  9964 | D:10     | Reached ****** piety under Uskayaw
 10205 | D:10     | Reached skill level 5 in Invocations
 10205 | D:10     | Reached skill level 13 in Shapeshifting
 10228 | D:10     | Found a broken altar of Ashenzari.
 10280 | D:10     | Noticed topfpfpflanze's ghost (novice FeCj)
 10384 | D:10     | Found a sacrificial altar of Ru.
 10438 | D:10     | Found a staircase to the Lair.
 10462 | D:10     | Noticed a cyclops
 10472 | D:10     | Killed a cyclops
 11081 | D:7      | Bought a potion of resistance for 130 gold pieces
 11298 | D:4      | Killed Kairakan's ghost
 11300 | D:4      | Killed jotaen's ghost
 11305 | D:4      | Killed Azuvok's ghost
 11319 | D:4      | Killed James's ghost
 11433 | D:9      | Killed an obsidian statue
 11434 | D:9      | Reached XP level 12. HP: 98/98 MP: 15/15
 11436 | D:9      | Identified the ring of Xom's Sleight of Hands {AC+4 Str+4}
 11453 | D:9      | Identified the +4 rapier of Disharmony {spect, +Blink rC+
                  | Dex+7}
 11590 | D:10     | Killed topfpfpflanze's ghost
 11794 | D:11     | Reached skill level 14 in Shapeshifting
 11827 | D:11     | Found a frozen archway.
 12068 | IceCv    | Entered an ice cave
 12441 | IceCv    | Got the ring of Xucwec {Ice Str+2}
 13762 | IceCv    | Reached skill level 15 in Shapeshifting
 13785 | IceCv    | Noticed an azure jelly
 13801 | IceCv    | Killed an azure jelly
 13895 | IceCv    | Found a viscous altar of Jiyva.
 13895 | IceCv    | Noticed an azure jelly
 13902 | IceCv    | Killed an azure jelly
 13957 | IceCv    | Identified the ring "Gixodgh" {rPois MP+9 Str-5 Dex+5}
 14187 | D:11     | Found a staircase to the Orcish Mines.
 14233 | D:11     | Reached skill level 16 in Shapeshifting
 14649 | D:11     | Noticed a two-headed ogre
 14651 | D:11     | Killed a two-headed ogre
 14652 | D:11     | Reached XP level 13. HP: 106/106 MP: 16/16
 14952 | D:7      | Bought a potion of invisibility for 104 gold pieces
 15043 | Lair:1   | Entered Level 1 of the Lair of Beasts
 15253 | Lair:1   | Reached skill level 17 in Shapeshifting
 15253 | Lair:1   | HP: 5/106 [death yak (14)]
 15253 | Lair:1   | Demolished by a death yak

Illustrated notes

Levels and vault maps discovered:
D:1:      minmay_arrival_stone_box, layout_rooms,
          dreamdust_ecumenical_altar_angels_and_demons
D:2:      layout_basic, minivault_24, interstate_on_off,
          minmay_fractal_squares_5
D:3:      layout_basic, led_xom_imps, kennysheep_doodads,
          hangedman_abyss_or_decor_lesser_grid, minmay_misc_feat_doors
D:4:      layout_basic, mainiacjoe_overflow_small_starburst,
          mainiacjoe_overflow_surrounded_room, gammafunk_ghost_cemetery
D:5:      layout_basic, mainiacjoe_overflow_alcove_4, uniq_edmund
D:6:      layout_rooms, uniq_blork_the_orc, uniq_menkaure, uniq_duvessa
D:7:      layout_layer_cave, mainiacjoe_overflow_tiny_flanked,
          vehumet_altar_wand_db, minmay_temple_entry_sparse_star, serial_shops,
          nicolae_shop_bloodbath_and_beyond, shop_fountains
D:8:      layout_basic, bloody_makhleb, trog_hazing_becter,
          dreamdust_princess_bridge, nicolae_zen_rock_garden
D:9:      layout_rooms, mainiacjoe_overflow_cross_hatched,
          mainiacjoe_overflow_boulevard, minivault_24, minivault_15,
          small_statue_alley_b, hangedman_minor_gate_pass
D:10:     layout_cave_pools, kiku_gazebo_garden_becter,
          ashenzari_conservatory_becter, nicolae_ru_great_annihilating_truth,
          david_lair_generic, ebering_ghost_reflecting_pool, centaur_isle,
          uniq_maurice
D:11:     layout_basic, david_orc_3, portal_ice_cave_demonic_guard,
          hangedman_decor_points, nicolae_tricolors
Lair:1:   layout_cave_pods, disabler_island

Skill      XL: |  1  2  3  4  5  6  7  8  9 10 11 12 13 |
---------------+----------------------------------------+-----
Dodging        | 3 5 9 10 11 12 14 | 14.0
Unarmed Combat | 4 5 6 7 9 10 | 10.0
Fighting       | 2 3 7 8 9 10 11 | 11.0
Shapeshifting  | 5 6 7 10 11 13 16 17 | 17.0
Invocations    | 3 5 |  5.0

Action                     |  1- 3 |  4- 6 |  7- 9 | 10-12 | 13-15 || total
---------------------------+-------+-------+-------+-------+-------++-------
  Melee: Unarmed           |    66 |    97 |   209 |   599 |    23 ||   994
         Punch             |       |     3 |     1 |    16 |     1 ||    21
         Tailslap          |       |       |       |     1 |       ||     1
   Fire: Sling             |    40 |   115 |    18 |       |       ||   173
  Throw: Dart              |       |     2 |       |       |       ||     2
  Evoke: Wand              |       |       |       |     6 |       ||     6
    Use: Scroll            |       |    11 |     2 |     6 |     1 ||    20
         Potion            |       |       |     1 |     1 |       ||     2
   Stab: Paralysed         |       |       |     5 |    29 |     1 ||    35
         Distracted        |       |       |       |     1 |       ||     1
 Armour: Animal skin       |    16 |       |       |       |       ||    16
         Scale mail        |    22 |    70 |    19 |    18 |    18 ||   147
         Leather armour    |     6 |       |       |    25 |       ||    31
         Skin              |       |       |    62 |   140 |       ||   202
         Ice dragon scales |       |       |       |    66 |       ||    66
  Dodge: Dodged            |    51 |    61 |   172 |   479 |    17 ||   780
   Form: Flux              |       |       |     1 |       |       ||     1
         Blade             |       |       |       |     1 |       ||     1

Table legend: (Time is in decaauts)
 A = Elapsed time spent in this place.
 B = Non-inter-level travel time spent in this place.
 C = Inter-level travel time spent in this place.
 D = Time resting spent in this place.
 E = Time spent auto-exploring this place.
 F = Levels seen in this place.
 G = Mean time per level.
                   A        B        C        D        E       F      G
               +--------+--------+--------+--------+--------+-----+--------+
         Total |  15165 |  13925 |   1240 |   3242 |   6732 |  13 | 1166.5 |
       Dungeon |  12999 |  11760 |   1239 |   2334 |   6187 |  11 | 1181.7 |
          Lair |    206 |    206 |      0 |      0 |    159 |   1 |  206.0 |
      Ice Cave |   1960 |   1960 |      0 |    907 |    386 |   1 | 1960.0 |
               +--------+--------+--------+--------+--------+-----+--------+

Top non-repeatable levels by time:
     D:7: 1966 daAuts
   IceCv: 1960 daAuts
     D:9: 1546 daAuts
    D:10: 1496 daAuts
     D:4: 1264 daAuts
     D:5: 1135 daAuts
    D:11: 1105 daAuts
     D:6: 1053 daAuts
     D:8: 1045 daAuts
     D:3: 969 daAuts
     D:2: 807 daAuts
     D:1: 609 daAuts
  Lair:1: 206 daAuts
